A
JANESVILLE ROLLING THUNDER @ MACKINAC ISLAND MUSKRATS
04/13/2060
 
TOP OF THE 1ST
Mackinac Island Muskrats batting - Pitching for Rockville Redhawks : RHP Jessie Smith
Pitching: RHP Jessie Smith
Batting: RHB Jarvis Woulard 0-0: Called Strike
0-1: Ball
1-1: Called Strike
1-2: Fly out, F9 (Line Drive, 9, EV 83.8 MPH)
Batting: SHB Maliik Pettiford 0-0: Called Strike
0-1: Ball
1-1: Foul Ball, location: 2F
1-2: Fly out, F9 (Flyball, 9D, EV 97.5 MPH)
Batting: RHB Isaac Mead 0-0: Called Strike
0-1: Ball
1-1: Ball
2-1: Foul Ball, location: 2F
2-2: Ground out 5-3 (Groundball, 5, EV 106.9 MPH)
Top of the 1st over - 0 runs, 0 hits, 0 errors, 0 left on base; Mackinac Island 0 - Rockville 0
BOTTOM OF THE 1ST
Rockville Redhawks batting - Pitching for Mackinac Island Muskrats : RHP Kody Qasim
Pitching: RHP Kody Qasim
Batting: RHB Aric Alderson 0-0: Ball
1-0: Called Strike
1-1: Ball
2-1: Foul Ball, location: 2F
2-2: Ball
3-2: Base on Balls
Batting: RHB Trevon Nixon 0-0: Called Strike
0-1: Ball
1-1: Grounds into double play, 6-4-3 (Groundball, 6, EV 91.2 MPH)
Batting: LHB Karim Brown 0-0: Foul Ball, location: 2F
0-1: Ball
1-1: Ball
2-1: Ball
3-1: Called Strike
3-2: Ground out 4-3 (Groundball, 4, EV 79.4 MPH)
Bottom of the 1st over - 0 runs, 0 hits, 0 errors, 0 left on base; Mackinac Island 0 - Rockville 0
TOP OF THE 2ND
Mackinac Island Muskrats batting - Pitching for Rockville Redhawks : RHP Jessie Smith
Batting: LHB Vinnie Ballew 0-0: Called Strike
0-1: Ball
1-1: Called Strike
1-2: Ball
2-2: Ground out 6-3 (Groundball, 6, EV 103.8 MPH)
Batting: RHB Ryan Whiting 0-0: Called Strike
0-1: Ball
1-1: Foul Ball, location: 2F
1-2: Strikes out looking
Batting: RHB Dillon Todd 0-0: Ball
1-0: Ground out 3-1 (Groundball, 34, EV 89.4 MPH)
Top of the 2nd over - 0 runs, 0 hits, 0 errors, 0 left on base; Mackinac Island 0 - Rockville 0
BOTTOM OF THE 2ND
Rockville Redhawks batting - Pitching for Mackinac Island Muskrats : RHP Kody Qasim
Batting: SHB Cole Riley 0-0: Called Strike
0-1: Foul Ball, location: 2F
0-2: Fly out, F8 (Flyball, 78S, EV 83.1 MPH)
Batting: RHB Asante Paula 0-0: Ball
1-0: Ball
2-0: Ball
3-0: Called Strike
3-1: Reached on error, E4 (Groundball, 34, EV 85.6 MPH)
Batting: RHB Dillon Brady 0-0: Ball
1-0: Ball
2-0: Ball
3-0: Called Strike
3-1: Base on Balls
Batting: RHB Chayse Bauer 0-0: Called Strike
0-1: Swinging Strike
0-2: Foul Ball, location: 2F
0-2: Ball
1-2: Foul Ball, location: 2F
1-2: Ball
2-2: Ball
3-2: Strikes out swinging
Batting: SHB Matthew Stambaugh 0-0: Fly out, F9 (Flyball, 9, EV 85.0 MPH)
Bottom of the 2nd over - 0 runs, 0 hits, 1 error, 2 left on base; Mackinac Island 0 - Rockville 0
TOP OF THE 3RD
Mackinac Island Muskrats batting - Pitching for Rockville Redhawks : RHP Jessie Smith
Batting: SHB Jeremy Arth 0-0: Ball
1-0: Ball
2-0: Foul Ball, location: 2F
2-1: Fly out, F7 (Flyball, 7, EV 86.9 MPH)
Batting: RHB Joey Hackett 0-0: Ball
1-0: Called Strike
1-1: Called Strike
1-2: Strikes out swinging
Batting: RHB Willard Rivera 0-0: Ball
1-0: DOUBLE (Line Drive, 9LM, EV 103.8 MPH)
Batting: RHB Jarvis Woulard 0-0: Called Strike
0-1: SINGLE (Groundball, 4MD, EV 100.6 MPH)
Willard Rivera to third
Runner from 3rd tries for Home, SAFE, throw by CF to home
Batting: SHB Maliik Pettiford 0-0: Ball
1-0: Ball
2-0: Ball
3-0: Called Strike
3-1: Base on Balls
Jarvis Woulard to second
Batting: RHB Isaac Mead 0-0: SINGLE (Line Drive, 78S, EV 110.0 MPH)
Jarvis Woulard to third
Maliik Pettiford to second
Batting: LHB Vinnie Ballew 0-0: Ball
1-0: Swinging Strike
1-1: Ball
2-1: Ball
3-1: Fly out, F9 (Line Drive, 9, EV 87.5 MPH)
Top of the 3rd over - 1 run, 3 hits, 0 errors, 3 left on base; Mackinac Island 1 - Rockville 0
BOTTOM OF THE 3RD
Rockville Redhawks batting - Pitching for Mackinac Island Muskrats : RHP Kody Qasim
Batting: RHB Lou Williams 0-0: Swinging Strike
0-1: Ball
1-1: Ball
2-1: Called Strike
2-2: Foul Ball, location: 2F
2-2: Ball
3-2: Base on Balls
Batting: RHB Aric Alderson 0-0: Fly out, F8 (Flyball, 8RD, EV 94.4 MPH)
Batting: RHB Trevon Nixon 0-0: Called Strike
0-1: SINGLE (Groundball, 34D, EV 96.9 MPH)
Lou Williams to second
Runner from 2nd tries for 3rd, SAFE, throw by RF made to third
Batting: LHB Karim Brown 0-0: Fly out, F8 (Flyball, 89D, EV 103.1 MPH)
Runner from 3rd tags up, SCORES, throw by CF
Batting: SHB Cole Riley 0-0: Ball
1-0: Ball
2-0: Called Strike
2-1: Ball
3-1: Base on Balls
Trevon Nixon to second
Batting: RHB Asante Paula 0-0: Called Strike
0-1: Swinging Strike
0-2: Strikes out swinging
Bottom of the 3rd over - 1 run, 1 hit, 0 errors, 2 left on base; Mackinac Island 1 - Rockville 1
TOP OF THE 4TH
Mackinac Island Muskrats batting - Pitching for Rockville Redhawks : RHP Jessie Smith
Batting: RHB Ryan Whiting 0-0: Foul Ball, location: 2F
0-1: Swinging Strike
0-2: Strikes out looking
Batting: RHB Dillon Todd 0-0: Fly out, F4 (Popup, 3S, EV 75.0 MPH)
Batting: SHB Jeremy Arth 0-0: Ball
1-0: Foul Ball, location: 2F
1-1: Called Strike
1-2: Ball
2-2: Foul Ball, location: 2F
2-2: Ball
3-2: Base on Balls
Batting: RHB Joey Hackett 0-0: Foul Ball, location: 2F
0-1: Swinging Strike
0-2: Ball
1-2: Ball
2-2: Foul Ball, location: 2F
2-2: Strikes out swinging
Top of the 4th over - 0 runs, 0 hits, 0 errors, 1 left on base; Mackinac Island 1 - Rockville 1
BOTTOM OF THE 4TH
Rockville Redhawks batting - Pitching for Mackinac Island Muskrats : RHP Kody Qasim
Batting: RHB Dillon Brady 0-0: Foul Ball, location: 2F
0-1: Called Strike
0-2: Fly out, F3 (Popup, 3SF, EV 80.0 MPH)
Batting: RHB Chayse Bauer 0-0: Ball
1-0: DOUBLE (Flyball, 78D, EV 93.8 MPH)
Batting: SHB Matthew Stambaugh 0-0: Ball
1-0: Foul Ball, location: 2F
1-1: Foul Ball, location: 2F
1-2: Ball
2-2: Ball
3-2: Base on Balls
Batting: RHB Lou Williams 0-0: Ball
1-0: Ball
2-0: Ball
3-0: Called Strike
3-1: Base on Balls
Chayse Bauer to third
Matthew Stambaugh to second
Batting: RHB Aric Alderson 0-0: Ball
1-0: Ball
2-0: Called Strike
2-1: Foul Ball, location: 2F
2-2: Strikes out looking
Batting: RHB Trevon Nixon 0-0: Ball
1-0: Ball
Passed Ball!
Chayse Bauer scores
Matthew Stambaugh to third
Lou Williams to second
2-0: Ball
3-0: Called Strike
3-1: Ground out 1-3 (Groundball, 15S, EV 70.0 MPH)
Bottom of the 4th over - 1 run, 1 hit, 0 errors, 2 left on base; Mackinac Island 1 - Rockville 2
TOP OF THE 5TH
Mackinac Island Muskrats batting - Pitching for Rockville Redhawks : RHP Jessie Smith
Batting: RHB Willard Rivera 0-0: Ball
1-0: Ball
2-0: Foul Ball, location: 2F
2-1: Ground out U3 (Groundball, 23, EV 88.8 MPH)
Batting: RHB Jarvis Woulard 0-0: Ball
1-0: Ball
2-0: Swinging Strike
2-1: Ball
3-1: Foul Ball, location: 2F
3-2: Base on Balls
Batting: SHB Maliik Pettiford 0-0: Foul Ball, location: 2F
0-1: Ball
1-1: 2-RUN HOME RUN (Flyball, 9D, EV 100.6 MPH), Distance : 369 ft
Batting: RHB Isaac Mead 0-0: Called Strike
0-1: Foul Ball, location: 2F
0-2: Ball
1-2: Strikes out swinging
Batting: LHB Vinnie Ballew 0-0: Ball
1-0: Ball
2-0: Called Strike
2-1: Foul Ball, location: 2F
2-2: Ball
3-2: Base on Balls
Batting: RHB Ryan Whiting 0-0: Ball
1-0: Foul Ball, location: 2F
1-1: Ball
2-1: Ground out 1-3 (Groundball, 34S, EV 73.8 MPH)
Top of the 5th over - 2 runs, 1 hit, 0 errors, 1 left on base; Mackinac Island 3 - Rockville 2
BOTTOM OF THE 5TH
Rockville Redhawks batting - Pitching for Mackinac Island Muskrats : RHP Kody Qasim
Pitching: LHP Mitch Paradise
Batting: LHB Karim Brown 0-0: Foul Ball, location: 2F
0-1: Ball
1-1: Swinging Strike
1-2: Strikes out swinging
Batting: SHB Cole Riley 0-0: SINGLE (Flyball, 89S, EV 88.8 MPH)
Batting: RHB Asante Paula 0-0: Ball
1-0: Ball
2-0: Called Strike
2-1: Swinging Strike
2-2: SINGLE (Groundball, 6S, EV 68.1 MPH) (infield hit)
Cole Riley to second
Batting: RHB Dillon Brady 0-0: Called Strike
0-1: Ball
1-1: Swinging Strike
1-2: Strikes out swinging
Batting: RHB Chayse Bauer 0-0: Swinging Strike
0-1: Ball
1-1: Ball
2-1: Ball
3-1: Called Strike
3-2: Strikes out looking
Bottom of the 5th over - 0 runs, 2 hits, 0 errors, 2 left on base; Mackinac Island 3 - Rockville 2
TOP OF THE 6TH
Mackinac Island Muskrats batting - Pitching for Rockville Redhawks : RHP Jessie Smith
Batting: RHB Dillon Todd 0-0: SINGLE (Groundball, 6, EV 93.8 MPH)
Batting: SHB Jeremy Arth 0-0: Called Strike
0-1: Bunted foul
0-2: Ball
1-2: Ball
2-2: Fly out, F5 (Popup, P, EV 43.8 MPH)
Batting: RHB Joey Hackett 0-0: Ball
1-0: Swinging Strike
1-1: Swinging Strike
1-2: Ball
2-2: Strikes out swinging
Pitching: RHP Brantley McGinnis
Batting: RHB Willard Rivera 0-0: Fly out, F9 (Line Drive, 9S, EV 94.4 MPH)
Top of the 6th over - 0 runs, 1 hit, 0 errors, 1 left on base; Mackinac Island 3 - Rockville 2
BOTTOM OF THE 6TH
Rockville Redhawks batting - Pitching for Mackinac Island Muskrats : LHP Mitch Paradise
Batting: SHB Matthew Stambaugh 0-0: Ground out 6-3 (Groundball, 6, EV 100.6 MPH)
Batting: RHB Lou Williams 0-0: Called Strike
0-1: Ball
1-1: SINGLE (Groundball, 4MD, EV 98.1 MPH)
Batting: RHB Aric Alderson 0-0: Called Strike
0-1: Ball
1-1: DOUBLE (Groundball, 5D, EV 101.9 MPH)
Lou Williams to third
Pitching: LHP Medgar Caba
Batting: RHB Trevon Nixon 0-0: Ball
1-0: Ball
2-0: Ball
3-0: Called Strike
3-1: Called Strike
3-2: Base on Balls
Pinch Hitting: RHB Samuel Bowles 0-0: Ball
1-0: Ball
2-0: Foul Ball, location: 2F
2-1: Ball
3-1: SINGLE (Flyball, 78S, EV 96.9 MPH)
Lou Williams scores
Aric Alderson to third
Trevon Nixon to second
Runner from 3rd tries for Home, SAFE, throw by LF to home
Batting: SHB Cole Riley 0-0: Ball
1-0: Foul Ball, location: 2F
1-1: Swinging Strike
1-2: Foul Ball, location: 2F
1-2: Ball
2-2: Ball
3-2: Base on Balls
Trevon Nixon to third
Samuel Bowles to second
Batting: RHB Asante Paula 0-0: Ball
1-0: Foul Ball, location: 2F
1-1: Swinging Strike
1-2: Strikes out swinging
Batting: RHB Dillon Brady 0-0: Ball
1-0: Called Strike
1-1: Foul Ball, location: 2F
1-2: Ball
2-2: Strikes out looking
Bottom of the 6th over - 2 runs, 3 hits, 0 errors, 3 left on base; Mackinac Island 3 - Rockville 4
TOP OF THE 7TH
Mackinac Island Muskrats batting - Pitching for Rockville Redhawks : RHP Brantley McGinnis
Now in RF: Bob Wise
Pinch Hitting: LHB Will Obie 0-0: Called Strike
0-1: Ball
1-1: Foul Ball, location: 2F
1-2: Strikes out looking
Batting: SHB Maliik Pettiford 0-0: Swinging Strike
0-1: Ball
1-1: Foul Ball, location: 2F
1-2: Ball
2-2: Strikes out swinging
Batting: RHB Isaac Mead 0-0: Ball
1-0: Ball
2-0: Ball
3-0: Base on Balls
Batting: LHB Vinnie Ballew 0-0: Fielders Choice at 2nd, 5-4 (Groundball, 56, EV 103.8 MPH)
Top of the 7th over - 0 runs, 0 hits, 0 errors, 1 left on base; Mackinac Island 3 - Rockville 4
BOTTOM OF THE 7TH
Rockville Redhawks batting - Pitching for Mackinac Island Muskrats : LHP Medgar Caba
Now in RF: Will Obie
Batting: RHB Chayse Bauer 0-0: Ball
1-0: SINGLE (Flyball, 56D, EV 96.9 MPH)
Batting: SHB Matthew Stambaugh 0-0: Ball
1-0: Foul Ball, location: 2F
1-1: Ball
2-1: Called Strike
2-2: Foul Ball, location: 2F
2-2: Ball
3-2: Strikes out swinging
Batting: RHB Lou Williams 0-0: Fly out, F8 (Flyball, 8RD, EV 82.5 MPH)
Batting: RHB Aric Alderson 0-0: Swinging Strike
0-1: Swinging Strike
0-2: Foul Ball, location: 2F
0-2: Ball
1-2: Ball
2-2: Ball
3-2: SINGLE (Groundball, 6MD, EV 94.4 MPH)
Chayse Bauer to second
Chayse Bauer to third
Pitching: RHP Dusty Baxter
Batting: RHB Trevon Nixon 0-0: Called Strike
0-1: Called Strike
0-2: Ground out 4-3 (Groundball, 4, EV 100.0 MPH)
Bottom of the 7th over - 0 runs, 2 hits, 0 errors, 2 left on base; Mackinac Island 3 - Rockville 4
TOP OF THE 8TH
Mackinac Island Muskrats batting - Pitching for Rockville Redhawks : RHP Brantley McGinnis
Batting: RHB Ryan Whiting 0-0: Foul Ball, location: 2F
0-1: Foul Ball, location: 2F
0-2: Foul Ball, location: 2F
0-2: Ball
1-2: Strikes out swinging
Pinch Hitting: LHB Chad Fritz 0-0: Ball
1-0: Ball
2-0: Called Strike
2-1: Swinging Strike
2-2: Strikes out swinging
Batting: SHB Jeremy Arth 0-0: Ball
1-0: Foul Ball, location: 2F
1-1: Ball
2-1: Foul Ball, location: 2F
2-2: SINGLE (Line Drive, 89D, EV 98.1 MPH)
Batting: RHB Joey Hackett 0-0: Called Strike
0-1: Foul Ball, location: 2F
0-2: Strikes out swinging
Top of the 8th over - 0 runs, 1 hit, 0 errors, 1 left on base; Mackinac Island 3 - Rockville 4
BOTTOM OF THE 8TH
Rockville Redhawks batting - Pitching for Mackinac Island Muskrats : RHP Dusty Baxter
Now in LF: Chad Fritz
Batting: RHB Bob Wise 0-0: Foul Ball, location: 2F
0-1: Ball
1-1: Foul Ball, location: 2F
1-2: Ball
2-2: Ball
3-2: Foul Ball, location: 2F
3-2: Base on Balls
Batting: SHB Cole Riley 0-0: Ball
1-0: Ball
2-0: Called Strike
2-1: Called Strike
2-2: Strikes out swinging
Batting: RHB Asante Paula 0-0: Called Strike
0-1: Ball
1-1: Grounds into double play, U3-6 (Groundball, 3L, EV 85.6 MPH)
Bottom of the 8th over - 0 runs, 0 hits, 0 errors, 0 left on base; Mackinac Island 3 - Rockville 4
TOP OF THE 9TH
Mackinac Island Muskrats batting - Pitching for Rockville Redhawks : RHP Brantley McGinnis
Pitching: RHP Jacob Worford
Batting: RHB Willard Rivera 0-0: Ball
1-0: Ground out 1-3 (Groundball, 13S, EV 68.1 MPH)
Batting: LHB Will Obie 0-0: Swinging Strike
0-1: Ball
1-1: Called Strike
1-2: DOUBLE (Flyball, 8RXD, EV 100.6 MPH)
Batting: SHB Maliik Pettiford 0-0: Foul Ball, location: 2F
0-1: Ball
1-1: Foul Ball, location: 2F
1-2: Ball
2-2: Foul Ball, location: 2F
2-2: Ball
3-2: Base on Balls
Pinch Runner at 2nd Timon Angeles:
Batting: RHB Isaac Mead 0-0: Called Strike
0-1: Called Strike
Timon Angeles steals 3rd base
0-2: Strikes out swinging
Batting: LHB Vinnie Ballew 0-0: Ball
1-0: Ball
2-0: Foul Ball, location: 2F
2-1: Foul Ball, location: 2F
2-2: Foul Ball, location: 2F
2-2: Strikes out looking
Top of the 9th over - 0 runs, 1 hit, 0 errors, 2 left on base; Mackinac Island 3 - Rockville 4
Saturday, April 27th , 2024 - OOTP Baseball 23.10 Build 110